 Dungeon Crawl Stone Soup version 0.19.0-19-g8c6edcc (webtiles) character file.

20958 dobroeutro the Severer (level 12, -20/160 (162) HPs)
             Began as a Minotaur Berserker on Nov 12, 2016.
             Was the Champion of Trog.
             Demolished by a skeletal warrior
             ... wielding a +0 hand axe
             ... led by a skeletal warrior
              (23 damage)
             ... on level 13 of the Dungeon.
             The game lasted 00:18:41 (10155 turns).

dobroeutro the Severer (Minotaur Berserker)        Turns: 10155, Time: 00:18:43

HP:   -20/160 (162) AC:  6    Str: 28    XL:     12   Next: 50%
MP:   11/11         EV: 21    Int:  4    God:    Trog [******]
Gold: 702           SH:  0    Dex: 16    Spells: 0 memorised, 11 levels left

rFire  . . .     SeeInvis .     K - +0 battleaxe (flame)
rCold  . . .     Gourm    .     f - +0 troll leather armour
rNeg   + + .     Faith    .     (shield currently unavailable)
rPois  .         Spirit   .     (helmet restricted)
rElec  .         Reflect  .     g - +1 cloak
rCorr  .         Harm     .     (no gloves)
MR     .....     Rnd*Tele +     (no boots)
Stlth  ..........               (no amulet)
                                y - ring of positive energy
                                u - ring of positive energy

@: berserking, very quick
A: retaliatory headbutt, horns 2, repulsion field 1, agile 1, blurry vision 1,
deformed body, mutation resistance 1, sense surroundings 1, teleportitis 1,
MP-powered wands
a: Berserk, Trog's Hand, Brothers in Arms, Burn Spellbooks, Renounce Religion


You were on level 13 of the Dungeon.
You worshipped Trog.
Trog was exalted by your worship.
You were hungry.

You visited 1 branch of the dungeon, and saw 13 of its levels.

You collected 777 gold pieces.
You spent 75 gold pieces at shops.

Inventory:

Hand Weapons
 k - a +0 war axe
 K - a +0 battleaxe of flaming (weapon)
Armour
 f - a +0 troll leather armour (worn)
 g - a +1 cloak (worn)
 n - a +0 scale mail
Jewellery
 q - an uncursed ring of ice
 u - a ring of positive energy (left hand)
 y - a ring of positive energy (right hand)
 J - an uncursed ring of resist corrosion
Wands
 t - a wand of lightning (14/15)
 x - a wand of polymorph (15/24)
 E - a wand of flame (29/48)
 H - a wand of confusion (22/48)
 L - a wand of paralysis (9/24)
 M - a wand of confusion (16/48)
Scrolls
 b - 5 scrolls of remove curse
 e - 6 scrolls of teleportation
 h - a scroll of blinking
 j - 2 scrolls of enchant weapon
 l - 7 scrolls of identify
 v - 4 scrolls of fog
 w - a scroll of amnesia
 G - 4 scrolls of recharging
 N - 2 scrolls of immolation
 P - a scroll of silence {unknown}
 R - a scroll of magic mapping
Potions
 a - 2 potions of berserk rage {unknown}
 d - a potion of ambrosia
 i - a potion of agility {unknown}
 m - 3 potions of lignification {unknown}
 o - 2 potions of brilliance {unknown}
 p - 2 potions of heal wounds {unknown}
 s - a potion of cure mutation {unknown}
 z - a potion of degeneration {unknown}
 A - 2 potions of curing {unknown}
 C - 2 potions of invisibility
 D - a potion of haste {unknown}
 I - a potion of flight {unknown}
 Q - a potion of might {unknown}
Comestibles
 c - 9 bread rations
 r - a slice of pizza
 B - 7 beef jerkies
 F - 3 meat rations
 O - 7 chunks of flesh


   Skills:
 + Level 10.8 Fighting
 + Level 17.2 Axes
 + Level 9.9 Armour
 + Level 9.8 Dodging


You had 11 spell levels left.
You didn't know any spells.

Dungeon Overview and Level Annotations

Branches:
Dungeon (13/15)            Temple (0/1) D:5            Lair (0/6) D:11
    Orc (0/2) D:11
 Vaults: D:13-14

Altars:
Ashenzari
Fedhas
Kikubaaqudgha
Okawaru
Qazlal
Ru
Sif Muna
Vehumet
Xom
Yredelemnul
The Shining One

Shops:
D:4 %   D:7 !   D:13 =


Innate Abilities, Weirdness & Mutations

You reflexively headbutt those who attack you in melee.
You have a pair of horns on your head.
You are surrounded by a mild repulsion field. (EV +2)
You are agile. (Dex +2)
Scrolls take you a little longer to read.
Armour fits poorly on your strangely shaped body.
You are somewhat resistant to further mutation.
You passively map a small area around you.
You are occasionally teleported next to monsters.
You expend magic power (3 MP) to strengthen your wands.


Message History

You feel yourself moving faster!
You feel mighty!
You are feeling hungry.
The skeletal warrior hits you with a hand axe!!
* * * LOW HITPOINT WARNING * * *
The skeletal warrior completely misses you.
You slash the skeletal warrior! You burn the skeletal warrior.
You headbutt the skeletal warrior!
The skeletal warrior is heavily damaged.
The skeletal warrior hits you with a hand axe!!
* * * LOW HITPOINT WARNING * * *
You closely miss the skeletal warrior.
You headbutt the skeletal warrior, but do no damage.
The skeletal warrior is heavily damaged.
You closely miss the skeletal warrior.
You headbutt the skeletal warrior, but do no damage.
The skeletal warrior is heavily damaged.
The skeletal warrior hits you from afar with a glaive.
* * * LOW HITPOINT WARNING * * *
The skeletal warrior hits you with a hand axe!!
You die...

# # , , # ##,, #
#. # ##.##### *
## *
##########......#
* #... ,
................#
.... , * ########
#.....$##z.# #
#....).@zz# , , ,
## #......#### .#
#####.## * .# #.#
* '#### #.##
..#.# #..# #.#.#
##.# * , ..#.#
#######'## *
###.#
#........#** , ,


You could see 3 skeletal warriors.

Vanquished Creatures
  Erolcha (D:12)
  A hydra (D:11)
  A centaur warrior (D:13)
  A tengu warrior (D:13)
  A skeletal warrior (D:13)
  3 hill giants (D:10)
  4 ugly things
  2 manticores
  Maurice (D:12)
  A gargoyle (D:11)
  A spiny frog (shapeshifter) (D:13)
  2 centaur skeletons
  6 trolls
  3 hippogriffs
  3 wyverns
  A wraith (D:11)
  A hill giant zombie (D:11)
  Grum (D:10)
  4 vampire mosquitoes (D:12)
  4 hungry ghosts
  A water moccasin (D:10)
  8 orc warriors
  2 ice beasts
  3 sky beasts
  4 black bears
  A necrophage (D:12)
  A phantom (D:11)
  10 ogres
  9 centaurs
  3 wolves (D:10)
  2 crocodiles (D:11)
  2 bullfrogs
  4 big kobolds
  A gnoll sergeant (D:10)
  A wyvern skeleton (D:9)
  7 scorpions
  A troll zombie (D:11)
  9 killer bees
  25 wights
  4 howler monkeys
  A bullfrog zombie (D:6)
  2 centaur zombies
  7 crimson imps
  3 quasits
  6 orc priests
  5 hounds
  7 jellies
  13 orc wizards
  5 iguanas
  A hell rat (D:11)
  14 worker ants
  A killer bee zombie (D:6)
  6 ogre zombies (D:11)
  2 hound zombies
  2 hound skeletons
  15 adders
  13 gnolls
  A shadow imp (D:6)
  An ooze (D:2)
  An adder skeleton (D:6)
  6 worms
  A dart slug (D:2)
  5 leopard geckos
  49 orcs
  3 ball pythons
  6 giant cockroaches
  6 goblins
  4 hobgoblins
  3 jackals (D:3)
  21 kobolds
  6 quokkas
  5 bats
  3 frilled lizards
  A goblin skeleton (D:11)
  A goblin zombie (D:11)
  A hobgoblin skeleton (D:11)
  A hobgoblin zombie (D:11)
  A jackal zombie (D:8)
  A leopard gecko zombie (D:8)
  An orc skeleton (D:11)
  20 orc zombies (D:11)
  A quokka skeleton (D:3)
  4 rats
  3 butterflies (D:6)
399 creatures vanquished.

Vanquished Creatures (collateral kills)
  A sky beast (D:11)
1 creature vanquished.

Vanquished Creatures (others)
  A human (D:3)
1 creature vanquished.

Grand Total: 401 creatures vanquished

Notes
Turn   | Place    | Note
-------+----------+-------------------------------------------
     0 | D:1      | dobroeutro the Minotaur Berserker began the quest for the Orb.
     0 | D:1      | Reached XP level 1. HP: 19/19 MP: 0/0
   108 | D:1      | Reached skill level 4 in Axes
   294 | D:1      | Reached XP level 2. HP: 24/26 MP: 1/1
   676 | D:2      | Found a stormy altar of Qazlal.
   691 | D:2      | Reached skill level 5 in Axes
   693 | D:2      | Reached XP level 3. HP: 24/31 MP: 2/2
   776 | D:2      | Reached ** piety under Trog
  1061 | D:2      | Found a sacrificial altar of Ru.
  1156 | D:3      | Reached skill level 6 in Axes
  1156 | D:3      | Reached XP level 4. HP: 35/39 MP: 3/3
  1174 | D:3      | Found a faded altar of an unknown god.
  1174 | D:3      | Found a radiant altar of Vehumet.
  1179 | D:3      | Found a faded altar of an unknown god.
  1181 | D:3      | Found a shimmering altar of Xom.
  1183 | D:3      | Found a faded altar of an unknown god.
  1258 | D:3      | Found an ancient bone altar of Kikubaaqudgha.
  1263 | D:3      | Noticed a human
  1265 | D:3      | Killed a human
  1303 | D:3      | Reached XP level 5. HP: 3/45 MP: 4/4
  1593 | D:3      | Reached skill level 7 in Axes
  1641 | D:3      | Found a faded altar of an unknown god.
  1780 | D:3      | Found a deep blue altar of Sif Muna.
  1939 | D:4      | Reached skill level 8 in Axes
  1993 | D:4      | Noticed an orc warrior
  1993 | D:4      | Noticed an ogre
  1996 | D:4      | Killed an ogre
  1996 | D:4      | Reached XP level 6. HP: 47/51 MP: 5/5
  2001 | D:4      | Killed an orc warrior
  2001 | D:4      | Reached skill level 9 in Axes
  2037 | D:4      | Found a glowing golden altar of the Shining One.
  2074 | D:4      | Reached *** piety under Trog
  2182 | D:4      | Reached XP level 7. HP: 55/57 MP: 6/6
  2350 | D:4      | Reached skill level 10 in Axes
  2470 | D:4      | Found Anumoq's Food Shoppe.
  2493 | D:5      | Entered Level 5 of the Dungeon
  2505 | D:5      | Found a blossoming altar of Fedhas.
  2541 | D:5      | Found a shattered altar of Ashenzari.
  2630 | D:5      | Found a staircase to the Ecumenical Temple.
  3281 | D:5      | Found an iron altar of Okawaru.
  3290 | D:5      | Reached skill level 11 in Axes
  3576 | D:6      | Reached XP level 8. HP: 64/64 MP: 7/7
  3698 | D:6      | Found a runed door.
  3718 | D:6      | Reached skill level 12 in Axes
  3724 | D:6      | Found a runed door.
  3779 | D:6      | Reached **** piety under Trog
  3779 | D:6      | Reached skill level 13 in Axes
  4497 | D:6      | Reached XP level 9. HP: 70/70 MP: 8/8
  4505 | D:6      | Reached skill level 14 in Axes
  4591 | D:6      | Found an ancient bone altar of Kikubaaqudgha.
  4783 | D:7      | Found Hahiy's Distillery.
  4826 | D:7      | Bought 2 potions of mutation for 75 gold pieces
  4826 | D:7      | Gained mutation: Scrolls take you a little longer to read. [potion of mutation]
  4826 | D:7      | Gained mutation: You are occasionally teleported next to monsters. [potion of mutation]
  4826 | D:7      | Gained mutation: You are surrounded by a mild repulsion field. (EV +2) [potion of mutation]
  4827 | D:7      | Gained mutation: You are agile. (Dex +2) [potion of mutation]
  4827 | D:7      | Gained mutation: You expend magic power (3 MP) to strengthen your wands. [potion of mutation]
  4828 | D:7      | Gained mutation: You are somewhat resistant to further mutation. [potion of mutation]
  5375 | D:8      | Found a basalt altar of Yredelemnul.
  5402 | D:8      | Reached skill level 15 in Axes
  5484 | D:8      | Reached skill level 5 in Fighting
  5867 | D:8      | Reached ***** piety under Trog
  5882 | D:8      | Reached XP level 10. HP: 42/81 MP: 9/9
  6071 | D:9      | Gained mutation: You passively map a small area around you. [mutagenic meat]
  6073 | D:9      | Gained mutation: Armour fits poorly on your strangely shaped body. [mutagenic meat]
  6074 | D:9      | Gained mutation: You have sharp toenails. [mutagenic meat]
  6169 | D:9      | Reached skill level 5 in Dodging
  6309 | D:9      | Reached skill level 5 in Armour
  6717 | D:10     | Entered Level 10 of the Dungeon
  6772 | D:10     | Noticed a hill giant
  6779 | D:10     | Killed a hill giant
  6845 | D:10     | Noticed Grum
  6858 | D:10     | Killed Grum
  7193 | D:10     | Noticed a hill giant
  7386 | D:10     | Killed a hill giant
  7386 | D:10     | Reached skill level 16 in Axes
  7386 | D:10     | Reached XP level 11. HP: 93/93 MP: 10/10
  7518 | D:10     | HP: 4/94 [manticore (8)]
  7618 | D:10     | Noticed a hill giant
  7626 | D:10     | Killed a hill giant
  7626 | D:10     | Received a gift from Trog
  7845 | D:11     | Noticed a brown ugly thing
  7860 | D:11     | Killed a brown ugly thing
  8048 | D:11     | Found a staircase to the Lair.
  8423 | D:11     | Gained mutation: Your muscles are strong. (Str +2) [mutagenic meat]
  8424 | D:11     | Lost mutation: You have sharp toenails. [mutagenic meat]
  8595 | D:11     | Noticed a white ugly thing
  8601 | D:11     | Killed a white ugly thing
  8756 | D:11     | Found a staircase to the Orcish Mines.
  8793 | D:11     | Noticed a five-headed hydra
  8802 | D:11     | Killed a two-headed hydra
  9318 | D:12     | Noticed Maurice
  9319 | D:12     | Paralysed by Maurice for 2 turns
  9330 | D:12     | Killed Maurice
  9409 | D:12     | Reached XP level 12. HP: 79/105 MP: 11/11
  9434 | D:12     | Lost mutation: Your muscles are strong. (Str +2) [mutagenic meat]
  9472 | D:12     | Noticed Erolcha
  9481 | D:12     | Reached skill level 10 in Fighting
  9484 | D:12     | Killed Erolcha
  9484 | D:12     | Reached ****** piety under Trog
  9722 | D:12     | Reached skill level 17 in Axes
  9882 | D:13     | Found Roguv's Jewellery Shoppe.
  9882 | D:13     | Noticed a centaur warrior
  9949 | D:13     | Killed a centaur warrior
 10040 | D:13     | Found Fiabb's Antique Armour Shoppe.
 10041 | D:13     | Noticed a tengu warrior
 10048 | D:13     | Killed a tengu warrior
 10153 | D:13     | HP: 8/160 [skeletal warrior/hand axe[a skeletal warrior] (19)]
 10155 | D:13     | HP: 3/160 [skeletal warrior/glaive[a skeletal warrior] (6)]
 10155 | D:13     | Demolished by a skeletal warrior

Skill      XL: |  1  2  3  4  5  6  7  8  9 10 11 12 |
---------------+-------------------------------------+-----
Axes           | 4 5 6 8 9 11 13 15 16 17 | 17.2
Fighting       | 5 7 9 10 | 10.8
Armour         | 4 6 8 9 |  9.9
Dodging        | 4 6 8 9 |  9.8

Action                   |  1- 3 |  4- 6 |  7- 9 | 10-12 || total
-------------------------+-------+-------+-------+-------++-------
Melee: Hand axe          |    69 |     9 |       |       ||    78
       Headbutt          |     9 |     9 |    68 |    89 ||   175
       War axe           |       |    51 |   245 |       ||   296
       Battleaxe         |       |       |    80 |   409 ||   489
       Kick              |       |       |       |    62 ||    62
Invok: Berserk           |       |     2 |     5 |    11 ||    18
       Burn Spellbooks   |       |       |       |     2 ||     2
  Use: Scroll            |       |       |     8 |     7 ||    15
       Potion            |       |       |     3 |     2 ||     5
 Stab: Sleeping          |     1 |       |       |       ||     1
  Eat: Chunk             |     1 |     5 |    12 |    33 ||    51
       Meat ration       |       |       |     1 |     1 ||     2
       Pizza             |       |       |     1 |     1 ||     2
       Royal jelly       |       |       |     1 |       ||     1
Armor: Animal skin       |    10 |    11 |       |       ||    21
       Scale mail        |       |     4 |   116 |    17 ||   137
       Troll leather arm |       |       |       |    44 ||    44
Dodge: Dodged            |    45 |    37 |   181 |   388 ||   651
